AoeStats
← Iceman

Arena

509590289Analyzed
1v1 RM · 6d ago on Sep 27, 2026· 21m 13s· 2 players
Game mode
Random Map
Map size
Tiny (2 player)
Population
200
Speed
Normal
Resources
Standard
Victory
Conquest
Starting age
Dark Age
Ending age
Imperial Age
RankedLock teamsTeams togetherTeam positionsShared explorationLock speedFull tech treeHidden civsTurbo modeCheats
Victory
Defeat
🇧🇷 Cumans · Brazil
1086
+15
🇩🇪 Britons · Germany
1063
-15
kischde
5:27 Loom
11:21 Feudal Age
12:50 Double-Bit Axe
15:45 Castle Age
17:40 Wheelbarrow
Iceman
9:23 Feudal Age
10:00 Loom
18:03 Man-at-Arms
Connection lost

Rejoining the realm…

Still unreachable

The connection could not be restored.

Session expired

The server has moved on; the page needs a fresh start.